 Dungeon Crawl Stone Soup version 0.31-a0-7-g51783674b7 (webtiles) character file.

Game seed: 11890893320773723652

1298 mandoloar the Changer (level 8, -1/87 HPs)
             Began as an Octopode Transmuter on May 6, 2023.
             Slain by Edmund
             ... wielding a +0 heavy flail
              (11 damage)
             ... on level 6 of the Dungeon.
             The game lasted 00:19:42 (6742 turns).

mandoloar the Changer (Octopode Transmuter)         Turns: 6742, Time: 00:19:43

Health: -1/87      AC: 24    Str:  9    XL:     8   Next: 56%
Magic:  4/11       EV:  2    Int: 18    God:
Gold:   670        SH:  0    Dex: 12    Spells: 2/12 levels left

rFire   . . .        a - +5 dagger (venom)
rCold   . . .        (no shield)
rNeg    . . .        (helmet currently unavailable)
rPois   +            (no amulet)
rElec   .            u - ring of flight
rCorr   .            (no ring)
SInv    .            (no ring)
Will    .....        (no ring)
Stlth   ++           (no ring)
HPRegen 0.34/turn    (no ring)
MPRegen 0.12/turn    (no ring)
                     (no ring)

%: no passive effects
@: tree-form, wereblooded
A: stationary, stasis, torment immunity, boosted hp, almost no armour,
(amphibious), 8 rings, (camouflage 1), (gelatinous body 1), (nimble swimmer 1),
(tentacles)
a: no special abilities


You were on level 6 of the Dungeon.
You were a tree.
You visited 1 branch of the dungeon, and saw 6 of its levels.

You collected 670 gold pieces.

Inventory:

Hand Weapons
 a - a +5 dagger of venom (weapon)
 b - a +0 sling
Missiles
 j - 5 boomerangs
 k - 10 poisoned darts (quivered)
 l - 34 stones
 m - 3 curare-tipped darts
Jewellery
 u - a ring of flight (left branch)
Wands
 c - a wand of flame (8)
 i - a wand of roots (17)
Scrolls
 o - a scroll of amnesia {unknown}
 p - 2 scrolls of fog {unknown}
 q - 4 scrolls of enchant weapon
 s - a scroll of noise {unknown}
 v - a scroll of teleportation {unknown}
 w - a scroll of immolation
 x - 2 scrolls of torment {unknown}
 y - a scroll of poison {unknown}
Potions
 d - a potion of haste
 e - a potion of invisibility {unknown}
 f - 7 potions of curing {unknown}
 h - a potion of berserk rage
 n - 2 potions of flight {unknown}
 r - a potion of might {unknown}
 t - a potion of brilliance {unknown}


   Skills:
 + Level 6.6 Fighting
 + Level 2.6 Dodging
 + Level 2.5 Stealth
 + Level 3.4 Unarmed Combat
 + Level 2.5 Spellcasting
 + Level 6.8 Transmutations


You had 2 spell levels left.
You knew the following spells:

 Your Spells              Type           Power      Damage    Failure   Level
a - Beastly Appendage     Tmut           54%        N/A       1%          1
b - Wereblood             Tmut           27%        N/A       1%          2
c - Ice Form              Ice/Tmut       14%        N/A       38%         4
d - Spider Form           Tmut/Pois      14%        N/A       12%         3

Your spell library contained the following spells:

 Spells                   Type           Power      Damage    Failure   Level


Dungeon Overview and Level Annotations

Branches:
Dungeon (6/15)
 Temple: D:4-7

Altars:
Uskayaw
Vehumet
Wu Jian

Shops:
D:1 =   D:5 (

Annotations:
D:2 Sigmund
D:3 1 runed translucent door, Crazy Yiuf
D:5 Grinder
D:6 Edmund


Innate Abilities, Weirdness & Mutations

You are a tree.
Your roots penetrate the ground, keeping you stationary.
You cannot be teleported.
You are immune to unholy pain and torment.
Your maximum health is greatly increased.
You cannot wear most types of armour.
((You are amphibious.))
You can wear up to eight rings at the same time.
((Your skin changes colour to match your surroundings (Stealth+).))
((Your rubbery body absorbs attacks. (AC +1, EV +1)))
((You are camouflaged when in or above water. (Stealth+)))
((You have tentacles for arms and can constrict up to eight enemies at once.))


Message History

Edmund is moderately wounded.
Edmund drinks a potion.
Edmund goes berserk!
You hit Edmund. You freeze Edmund.
Edmund is moderately wounded.
Edmund hits you with a +0 heavy flail!
You are too injured to fight recklessly!
You are too injured to fight recklessly!
You are too injured to fight recklessly!
You hit Edmund but do no damage.
Edmund is moderately wounded.
Edmund hits you with a +0 heavy flail.
You punch Edmund! You freeze Edmund.
Edmund is severely wounded.
Edmund hits you with a +0 heavy flail!!
* * * LOW HITPOINT WARNING * * *
Really quaff the potion of lignification?
You warm up again.
Your +5 dagger of venom unmelds from your body.
Your +5 dagger of venom begins to drip with poison!
You turn into a tree.
Your roots penetrate the ground.
Edmund hits you but does no damage.
You feel much better.
You creak as the wereblood boils in your veins!
Edmund hits you with a +0 heavy flail.
You barely miss Edmund.
Edmund is severely wounded.
Edmund hits you with a +0 heavy flail!
* * * LOW HITPOINT WARNING * * *
You hit Edmund.
Edmund is poisoned.
Edmund is severely wounded.
Edmund hits you with a +0 heavy flail.
* * * LOW HITPOINT WARNING * * *
You hit Edmund.
Edmund looks as sick as possible!
Edmund is severely wounded.
Edmund hits you with a +0 heavy flail!
* * * LOW HITPOINT WARNING * * *
You hit Edmund.
Edmund looks as sick as possible!
Your punch misses Edmund.
Edmund is almost dead.
Edmund hits you with a +0 heavy flail!
You die...

♣. #.# ♣... #.# # .♣.♣#
#.#### # .. ..♣.. #.#.#.
.#..# .♣.♣# #.#...###...#
♣...# # #.# #..#..#
.♣.♣#.######.####...#
..♣............#.@#..#
.♣.♣#####.....#)♣## ...#
♣.................#..#..#
.♣.♣###.............# .h
..♣..................# .
.♣....................#
###...................#
.##.....................
.##.....................
.......................


You could see Edmund (berserk, extremely poisoned).

Vanquished Creatures
  A water moccasin (D:4)
  2 ogres
  3 scorpions
  A howler monkey (D:4)
  2 hounds
  3 orc priests
  3 jellies
  Ijyb (D:3)
  Terence (D:2)
  4 iguanas
  3 orc wizards (D:6)
  A sleepcap (D:3)
  11 gnolls
  8 adders
  2 shadow imps
  A white imp (D:6)
  3 dart slugs
  17 orcs
  5 ball pythons
  7 bats
  3 endoplasms
  3 giant cockroaches
  13 hobgoblins
  4 jackals (D:1)
  2 quokkas (D:1)
  6 frilled lizards
  11 goblins
  6 kobolds
  5 rats
  2 butterflies (D:5)
134 creatures vanquished.

Notes
Turn   | Place    | Note
-------+----------+-------------------------------------------
     0 | D:1      | mandoloar the Octopode Transmuter began the quest for the
                  | Orb.
     0 | D:1      | Reached XP level 1. HP: 13/13 MP: 3/3
    80 | D:1      | Reached XP level 2. HP: 10/18 MP: 3/5
    83 | D:1      | Learned a level 2 spell: Wereblood
   157 | D:1      | Found Moefaurghu's Jewellery Emporium.
   558 | D:1      | Reached XP level 3. HP: 24/24 MP: 2/6
  1583 | D:2      | Noticed Sigmund
  1707 | D:2      | Reached XP level 4. HP: 23/30 MP: 5/7
  1707 | D:2      | Found a radiant altar of Vehumet.
  1888 | D:2      | Noticed Terence
  1912 | D:2      | Killed Terence
  2016 | D:2      | Learned a level 4 spell: Ice Form
  2352 | D:2      | Identified the +4 ring mail of the Kettle-Drum {rElec}
  2847 | D:3      | Noticed Ijyb
  2944 | D:3      | Killed Ijyb
  2945 | D:3      | Reached XP level 5. HP: 28/36 MP: 5/8
  2965 | D:3      | Identified a scroll of acquirement
  2965 | D:3      | Acquired 433 gold pieces
  3086 | D:3      | Found a faded altar of an unknown god.
  3225 | D:3      | Found an ornate altar of the Wu Jian Council.
  3434 | D:3      | You fall into a shaft and drop 1 floor!
  3466 | D:4      | Reached XP level 6. HP: 19/43 MP: 9/9
  3640 | D:4      | Reached skill level 5 in Transmutations
  3797 | D:3      | Found a runed translucent door.
  3798 | D:3      | Noticed Crazy Yiuf
  3937 | D:4      | Noticed a water moccasin
  4311 | D:4      | Killed a water moccasin
  4312 | D:4      | Reached skill level 5 in Fighting
  4312 | D:4      | Reached XP level 7. HP: 7/50 MP: 7/10
  4722 | D:4      | Found a radiant altar of Vehumet.
  4730 | D:4      | Found a hide-covered altar of Uskayaw.
  4946 | D:5      | Entered Level 5 of the Dungeon
  5135 | D:5      | Found Efeggy's Weapon Boutique.
  5291 | D:5      | Learned a level 3 spell: Spider Form
  5291 | D:5      | Noticed Grinder
  5413 | D:5      | Reached XP level 8. HP: 57/57 MP: 2/11
  6208 | D:5      | Reached skill level 1 in Stealth
  6725 | D:6      | Noticed Edmund
  6742 | D:6      | Slain by Edmund

Illustrated notes

Levels and vault maps discovered:
D:1:      shiori_arrival_elements, layout_basic, serial_aquarium,
          aquarium_bridge_long_joined [aquarium_subvault_bridge,
          aquarium_subvault_window, aquarium_subvault_wall,
          aquarium_subvault_balcony, aquarium_subvault_wall,
          aquarium_subvault_bridge], aquarium_window_corridor_1,
          aquarium_window_1, aquarium_view_2f, aquarium_view_2e, serial_shops,
          nicolae_lakefront_shop, interstate_on_off
D:2:      layout_basic, basic_altar, uniq_sigmund, uniq_terence
D:3:      layout_basic, nicolae_wu_jian_immortal_techniques,
          shapermc_ecumenical_altar_totnotflames,
          hangedman_abyss_or_decor_stabs, uniq_ijyb, uniq_crazy_yiuf_cottage
D:4:      layout_cave_pools, minitemple
D:5:      layout_cave_pods, minmay_temple_entry_butterflies,
          serial_column_ruins, column_ruins_hut_ruined,
          column_ruins_courtyard_long_water, column_ruins_grid_1,
          column_ruins_grid_3, column_ruins_corridor_straight,
          column_ruins_grid_3, column_ruins_grid_1, column_ruins_grid_3,
          column_ruins_grid_3, serial_shops, shop, uniq_grinder
D:6:      layout_rooms, nicolae_sextant, kennysheep_doodads,
          kennysheep_crisscross, uniq_menkaure, uniq_edmund

Skill      XL: |  1  2  3  4  5  6  7  8 |
---------------+-------------------------+-----
Fighting       | 2 3 4 5 6 |  6.6
Transmutations | 3 4 5 6 |  6.8
Stealth        | 2 |  2.5
Dodging        | |  2.6
Unarmed Combat | |  3.4
Spellcasting   | |  2.5

Action                     |  1- 3 |  4- 6 |  7- 9 || total
---------------------------+-------+-------+-------++-------
  Melee: Unarmed           |    83 |    13 |    79 ||   175
         Kick              |    32 |    32 |    21 ||    85
         Constrict         |    29 |    23 |    15 ||    67
         Tentacles         |    10 |    19 |     7 ||    36
         Punch             |     1 |     4 |     1 ||     6
         Dagger            |       |    83 |    47 ||   130
   Fire: Sling             |       |     2 |       ||     2
  Throw: Dart              |       |       |    23 ||    23
         Boomerang         |       |       |     3 ||     3
   Cast: Beastly Appendage |    25 |    29 |    16 ||    70
         Wereblood         |     2 |     3 |     5 ||    10
         Ice Form          |       |       |     9 ||     9
         Spider Form       |       |       |     1 ||     1
  Evoke: Wand              |       |       |     4 ||     4
    Use: Scroll            |       |     4 |     2 ||     6
         Potion            |       |     1 |     3 ||     4
   Stab: Sleeping          |     3 |     5 |     4 ||    12
         Distracted        |       |       |     1 ||     1
 Armour: Skin              |    10 |    20 |    32 ||    62
  Dodge: Dodged            |    72 |    43 |    53 ||   168

Table legend: (Time is in decaauts)
 A = Elapsed time spent in this place.
 B = Non-inter-level travel time spent in this place.
 C = Inter-level travel time spent in this place.
 D = Time resting spent in this place.
 E = Time spent auto-exploring this place.
 F = Levels seen in this place.
 G = Mean time per level.
                   A        B        C        D        E       F      G
               +--------+--------+--------+--------+--------+-----+--------+
         Total |   6734 |   6302 |    432 |   1425 |   3768 |   6 | 1122.3 |
       Dungeon |   6734 |   6302 |    432 |   1425 |   3768 |   6 | 1122.3 |
               +--------+--------+--------+--------+--------+-----+--------+

Top non-repeatable levels by time:
     D:1: 1588 daAuts
     D:5: 1444 daAuts
     D:2: 1331 daAuts
     D:3: 1055 daAuts
     D:4: 1031 daAuts
     D:6: 283 daAuts
